 Dungeon Crawl Stone Soup version 0.20-a0-941-gba1b1f9 (webtiles) character file.

2613 BattleRest the Fighter (level 9, -11/82 HPs)
             Began as a Minotaur Fighter on Mar 31, 2017.
             Was a Priest of Okawaru.
             Killed by divine providence
             ... invoked by an orc priest
              (13 damage)
             ... on level 8 of the Dungeon.
             The game lasted 00:25:32 (6795 turns).

BattleRest the Fighter (Minotaur Fighter)           Turns: 6795, Time: 00:25:33

Health: -11/82     AC: 23    Str: 25    XL:     9   Next: 34%
Magic:  8/8        EV:  6    Int:  5    God:    Okawaru [***...]
Gold:   436        SH: 11    Dex:  9    Spells: 8/8 levels left

rFire    . . .     SeeInvis .   N - +1 flail (protect)
rCold    . . .     Gourm    .   c - +0 shield
rNeg     . . .     Faith    .   i - +0 plate armour
rPois    .         Spirit   .   (helmet restricted)
rElec    .         Reflect  .   w - +0 cloak
rCorr    .         Harm     .   B - +0 pair of gloves
MR       .....                  (no boots)
Stlth    ..........             (no amulet)
Regen    0.3/turn               (no ring)
MPRegen  0.2/turn               (no ring)

@: lethally poisoned (-11 -> -29), protection aura
A: retaliatory headbutt, horns 2
a: Heroism, Renounce Religion


You were on level 8 of the Dungeon.
You worshipped Okawaru.
Okawaru was most pleased with you.
You were not hungry.

You visited 2 branches of the dungeon, and saw 9 of its levels.
You also visited: Bailey.

You collected 436 gold pieces.

Inventory:

Hand Weapons
 a - a +0 flail
 G - a +0 mace of protection
 N - a +1 flail of protection (weapon)
Armour
 b - a +0 scale mail
 c - a +0 shield (worn)
 i - a +0 plate armour (worn)
 w - a +0 cloak (worn)
 B - a +0 pair of gloves (worn)
Jewellery
 H - a +4 ring of protection {unknown}
Wands
 A - a wand of lightning (2/15)
Scrolls
 h - 11 scrolls of identify {unknown}
 j - 4 scrolls of amnesia {unknown}
 l - 4 scrolls of remove curse {unknown}
 m - 4 scrolls of blinking {unknown}
 p - 2 scrolls of recharging {unknown}
 q - a scroll of teleportation {unknown}
 u - a scroll of noise {unknown}
 y - 2 scrolls of enchant weapon {unknown}
 C - a scroll of fog {unknown}
 I - a scroll of magic mapping {unknown}
 K - a scroll of enchant armour {unknown}
 M - a scroll of immolation {unknown}
Potions
 d - a potion of might
 e - 2 potions of agility {unknown}
 g - 2 potions of heal wounds
 k - 2 potions of flight {unknown}
 n - a potion of berserk rage {unknown}
 s - 2 potions of degeneration {unknown}
 t - a potion of magic {unknown}
 v - a potion of brilliance {unknown}
 x - a potion of haste {unknown}
 z - 3 potions of curing {unknown}
 E - a potion of resistance
 F - a potion of invisibility {unknown}
 J - a potion of lignification {unknown}
Books
 L - a book of Air

   Spells                             Type                      Level
   a - Shock                          Conjuration/Air              1
   b - Swiftness                      Charms/Air                   2
   c - Static Discharge               Conjuration/Air              3
   d - Airstrike                      Air                          4
   e - Lightning Bolt                 Conjuration/Air              5
Comestibles
 f - 8 bread rations
 o - 7 meat rations
 r - 3 fruits
 D - 2 royal jellies


   Skills:
 + Level 8.8 Fighting
 + Level 7.7 Maces & Flails
 + Level 8.4 Armour
 + Level 8.5 Shields


You had 8 spell levels left.
You didn't know any spells.

Dungeon Overview and Level Annotations

Branches:
Dungeon (8/15)             Temple (1/1) D:4
   Lair: D:8-11

Altars:
Dithmenos
Gozag
Hepliaklqana
Kikubaaqudgha
Nemelex Xobeh
Okawaru
Qazlal
Ru
Wu Jian
Xom
Yredelemnul
Zin
The Shining One

Annotations:
D:8 Maurice; galech's ghost, novice TrMo


Innate Abilities, Weirdness & Mutations

You reflexively headbutt those who attack you in melee.
You have a pair of horns on your head.


Message History

You sock Maurice! Your headbutt misses Maurice.
Maurice is heavily wounded.
* * * LOW HITPOINT WARNING * * *
You feel sick. You block the orc wizard's attack.
The orc wizard casts a spell.
The orc wizard seems to speed up.
You block the orc wizard's attack.
Maurice mumbles some strange words.
Maurice blinks!
Galech's ghost hits you!
* * * LOW HITPOINT WARNING * * *
The orc priest looks braver for a moment.
You barely miss the orc warrior. Your headbutt misses the orc warrior.
* * * LOW HITPOINT WARNING * * *
You feel sick. You block the orc wizard's attack.
The orc warrior barely misses you. You block the orc wizard's attack.
You block galech's ghost's attack.
The orc wizard points at you and mumbles some strange words.
The puff of frost hits you!
The orc priest invokes the aid of Beogh against you.
Beogh smites you!
You die...

......?...
.........
..?......
.....(!..
#........
#....@..o
###oF...#
###.@oo...#
#..W#oo####
......##.o.#
....## #..##
### ...#
..#.. ...#..
.... #>. #..


You could see Maurice, an orc warrior, a bullfrog, an orc priest, 2 orc wizards,
galech's ghost and 2 orcs.

Vanquished Creatures
  Pikel (D:6)
  Joseph (D:7)
  Duvessa (D:5)
  An orc warrior (D:6)
  A water moccasin (D:7)
  A sky beast (D:7)
  4 ogres
  A bullfrog (D:7)
  A scorpion (D:4)
  Dowan (D:5)
  2 wights (D:6)
  5 howler monkeys
  2 hounds
  2 orc priests (D:7)
  A bullfrog skeleton (D:6)
  2 jellies
  Crazy Yiuf (D:5)
  Terence (D:3)
  5 orc wizards
  2 worker ants (D:5)
  A hound skeleton (D:4)
  12 adders
  An ooze (D:3)
  An adder zombie (D:8)
  3 worms
  A dart slug (D:1)
  3 leopard geckos
  24 orcs
  2 ball pythons
  12 bats
  2 giant cockroaches
  6 goblins
  3 hobgoblins
  8 jackals
  3 kobolds
  2 quokkas
  A frilled lizard (D:2)
  5 rats
126 creatures vanquished.

Vanquished Creatures (others)
  2 slaves (D:6)
  A bullfrog (D:7)
  A scorpion (D:6)
  2 wights (D:6)
  A crimson imp (D:6)
  Ijyb (D:5)
  An orc wizard (D:7)
  An orc (D:7)
10 creatures vanquished.

Grand Total: 136 creatures vanquished

Notes
Turn   | Place    | Note
-------+----------+-------------------------------------------
     0 | D:1      | BattleRest the Minotaur Fighter began the quest for the Orb.
     0 | D:1      | Reached XP level 1. HP: 19/19 MP: 0/0
   146 | D:1      | Reached XP level 2. HP: 24/27 MP: 1/1
   606 | D:2      | Reached XP level 3. HP: 32/33 MP: 2/2
  1144 | D:2      | Reached XP level 4. HP: 41/41 MP: 3/3
  1310 | D:3      | Noticed Terence
  1321 | D:3      | Killed Terence
  1352 | D:3      | Found a stormy altar of Qazlal.
  2204 | D:4      | Reached XP level 5. HP: 43/47 MP: 4/4
  2566 | D:4      | Reached skill level 5 in Fighting
  2571 | D:4      | Found a staircase to the Ecumenical Temple.
  2580 | Temple   | Entered the Ecumenical Temple
  2608 | Temple   | Reached skill level 5 in Shields
  2618 | Temple   | Became a worshipper of Warmaster Okawaru
  2904 | D:4      | Reached XP level 6. HP: 51/56 MP: 5/5
  3006 | D:5      | Entered Level 5 of the Dungeon
  3014 | D:5      | Reached skill level 5 in Armour
  3311 | D:5      | Noticed Duvessa
  3311 | D:5      | Noticed Dowan
  3337 | D:5      | Killed Dowan
  3343 | D:5      | Killed Duvessa
  3343 | D:5      | Reached * piety under Okawaru
  3343 | D:5      | Reached XP level 7. HP: 11/63 MP: 6/6
  3631 | D:5      | Noticed Ijyb
  3633 | D:5      | HP: 1/63 [Ijyb/wand of lightning (?/15) (7)]
  3633 | D:5      | Killed Ijyb
  3975 | D:5      | Found a runed door.
  3979 | D:5      | Noticed Crazy Yiuf
  3988 | D:5      | Killed Crazy Yiuf
  4073 | D:5      | Reached skill level 5 in Maces & Flails
  4655 | D:6      | Noticed Pikel
  4675 | D:6      | Killed Pikel
  4675 | D:6      | Reached ** piety under Okawaru
  4675 | D:6      | Reached XP level 8. HP: 28/73 MP: 7/7
  5073 | D:6      | Found a glowing silver altar of Zin.
  5673 | D:7      | Reached *** piety under Okawaru
  5856 | D:7      | Found a flagged portal.
  5879 | Bailey   | Entered a bailey
  5879 | Bailey   | Noticed Ratty's ghost (journeyman MiBe)
  5952 | D:7      | Reached XP level 9. HP: 51/81 MP: 8/8
  6237 | D:7      | Noticed Joseph
  6258 | D:7      | Killed Joseph
  6779 | D:8      | Noticed galech's ghost (novice TrMo)
  6784 | D:8      | Noticed Maurice
  6794 | D:8      | HP: 4/82 [galech's ghost (16)]
  6795 | D:8      | Killed from afar by an orc priest

Vault maps used:
D:1:      lightli_arrival_windingriver, serial_forest, infiniplex_forest_end_2,
          infiniplex_forest_end_2, infiniplex_forest_corner_1,
          infiniplex_forest_lined_room_2, infiniplex_forest_clump_medium,
          infiniplex_forest_corner_1, infiniplex_forest_side_room
D:2:      minmay_heptomino_h4
D:3:      grunt_qazlal_sundering, uniq_terence
D:4:      minmay_temple_entry_large_hall
D:5:      first_bread, uniq_iyjb, uniq_duvessa, uniq_crazy_yiuf_cottage
D:6:      zin_scriptorium, uniq_pikel
D:7:      enter_bailey_3, grunt_ogre_cave, uniq_joseph
D:8:      uniq_maurice
Temple:   compressed_dpeg_triangle_lava_temple
Bailey:   bailey_polearm_flooded_kennysheep, bailey

Skill      XL: |  1  2  3  4  5  6  7  8  9 |
---------------+----------------------------+-----
Fighting       | 4 5 6 7 8 |  8.8
Maces & Flails | 3 4 6 7 |  7.7
Armour         | 4 5 7 8 |  8.4
Shields        | 4 5 7 8 |  8.5

Action                   |  1- 3 |  4- 6 |  7- 9 || total
-------------------------+-------+-------+-------++-------
Melee: Flail             |    69 |   153 |    87 ||   309
       Headbutt          |     9 |    32 |    53 ||    94
       Mace              |       |       |   187 ||   187
  Use: Potion            |       |     1 |       ||     1
  Eat: Chunk             |     1 |     7 |    11 ||    19
Armor: Scale mail        |    43 |    14 |       ||    57
       Plate armour      |       |    91 |   169 ||   260
Dodge: Dodged            |    26 |    37 |    64 ||   127
Block: Shield            |    42 |    85 |   159 ||   286
